[Event "39th OBSenEM 2023"]
[Site "Berlin"]
[Date "2023.01.27"]
[Round "4.2"]
[White "Herrmann, Dirk"]
[Black "Brustkern, Juergen"]
[Result "0-1"]
[ECO "A86"]
[WhiteElo "1842"]
[BlackElo "2182"]
[Annotator "TA"]
[PlyCount "50"]
[EventDate "2023.01.24"]
[EventType "swiss"]
[EventCountry "GER"]
[SourceTitle "playchess.com"]
[Source "ChessBase"]
[SourceQuality "1"]
[TimeControl "40/5400+30:1800+30"]

1. Nf3 f5 2. c4 Nf6 3. g3 d6 4. d4 e6 5. Bg5 Be7 6. Bg2 {A86: Dutch Defence: Leningrad System: Unusual lines and 5 Nh3.} O-O 7. Nc3 Nbd7 8. Qc2 {White is slightly better.} h6 9. Bd2 c6 10. O-O {[#]} Qe8 $146 ({Predecessor:} 10... e5 11. dxe5 Nxe5 12. b3 Nxf3+ 13. Bxf3 Be6 14. Rad1 Qe8 15. e3 Ng4 16. Bg2 h5 {0-1 Niklasson,C-Kaiszauri,K SWE-ch Gothenburg 1975}) 11. a4 Qh5 12. a5 a6 13. Rab1 ({Better is} 13. b4 $14) 13... e5 $11 14. dxe5 dxe5 15. e4 (15. Na4 $11) 15... Nc5 16. Nxe5 fxe4 17. f4 {[%emt 0:00:30] [#] This move loses the game for White.} (17. b4 $15) 17... exf3 $19 18. Nxf3 (18. Ng6 fxg2 19. Nxe7+ Kf7 20. Rxf6+ Kxf6 21. Nxc8 Raxc8 22. b4) 18... Bf5 19. Qd1 Bxb1 20. Qxb1 Nb3 {[%emt 0:00:30] [#] ...Ng4 would be deadly.} 21. Bf4 Rad8 (21... Nxa5 $2 {perishes.} 22. Ne5 $19) (21... Qxa5 $2 22. Qc2 Qc5+ 23. Kh1 $19) 22. Ne5 Bc5+ ({Inferior is} 22... Nxa5 23. b4 g5 24. Ng6 gxf4 25. Nxe7+ Kf7 26. Nf5 Nxc4 27. Rxf4 $15) 23. Kh1 Nd2 {[%emt 0:00:30] Wards off Bf3} ({And not} 23... Nxa5 24. Bf3 Qh3 25. Ne4 Nxe4 26. Bxe4 $17) 24. Qe1 (24. Bxd2 Rxd2 25. Rf5 Rxb2 26. Rxh5 Rxb1+ 27. Nxb1 Nxh5 28. Nd3) 24... Nxf1 25. Qxf1 Ng4 {[%emt 0:00:30] Weighted Error Value: White=0.72/Black=0.19 (very precise)} 0-1

[Event "39th OBSenEM 2023"]
[Site "Berlin"]
[Date "2023.01.27"]
[Round "4.3"]
[White "Kreutzkamp, Hans-Rudolf"]
[Black "Koetz, Andreas"]
[Result "1/2-1/2"]
[ECO "B33"]
[WhiteElo "2094"]
[BlackElo "1925"]
[Annotator "TA"]
[PlyCount "65"]
[EventDate "2023.01.24"]
[EventType "swiss"]
[EventCountry "GER"]
[SourceTitle "playchess.com"]
[Source "ChessBase"]
[SourceQuality "1"]
[TimeControl "40/5400+30:1800+30"]

1. e4 c5 2. Nf3 Nc6 3. d4 cxd4 4. Nxd4 Nf6 5. Nc3 e5 6. Nxc6 bxc6 7. Be2 Bb4 {[%emt 0:00:44] B33: Sicilian: Pelikan and Sveshnikov Variations.} 8. Qd3 a5 9. O-O O-O {[%emt 0:00:47] [#] The position is equal.} 10. Bg5 $146 ({Predecessor:} 10. a4 Ba6 11. Qd1 Bxc3 12. Bxa6 Rxa6 13. bxc3 Nxe4 14. Qe2 Nc5 15. Qxe5 d6 16. Qd4 {1-0 Holzner,A (1370)-Guseck,M (1127) Tirol-ch Jenbach 2013 (5)}) 10... h6 11. Bh4 Ba6 12. Qf3 Bxe2 13. Nxe2 Be7 14. c4 d6 15. Rfd1 Ne8 (15... Nh7 $5 16. Bxe7 Qxe7 $14) 16. Bxe7 Qxe7 17. Ng3 g6 {[%emt 0:00:11] Prevents Nf5.} 18. Rd2 Qe6 19. b3 a4 20. Rad1 axb3 21. axb3 Rb8 22. Qe3 Kg7 23. Rd3 (23. Nf1 {simplifies} c5 24. Qg3 Nf6 25. Rxd6 Nxe4 26. Rxe6 Nxg3 27. Rxe5 Nxf1 28. Kxf1 Rxb3 29. Rxc5 Ra8 30. Rd2) 23... Rb7 {[%emt 0:01:07] Prevents Qa7} 24. f4 exf4 25. Qxf4 Qe5 26. Qf2 (26. Ne2 $11) 26... Nf6 $15 27. Rxd6 (27. Qd4 $1 $15) 27... Rxb3 $17 28. Rxc6 (28. Qd4 $17 Qxd4+ 29. R6xd4) 28... Ng4 $19 29. Qe2 {[%emt 0:04:22] [#]} h5 30. Nf1 {[%emt 0:02:44] [#]} Re3 $2 31. Qd2 $17 {[%emt 0:00:50] Black must now prevent h3.} Rxe4 32. h3 Nh6 33. Qd5 {[%emt 0:03:45] Weighted Error Value: White=0.23 (precise) /Black=0.17 (very precise)} 1/2-1/2

[Event "39th OBSenEM 2023"]
[Site "Berlin"]
[Date "2023.01.28"]
[Round "5.1"]
[White "Brustkern, Juergen"]
[Black "Koehler, Gerhard"]
[Result "1/2-1/2"]
[ECO "A45"]
[WhiteElo "2182"]
[BlackElo "2241"]
[Annotator "TA"]
[PlyCount "55"]
[EventDate "2023.01.24"]
[EventType "swiss"]
[EventCountry "GER"]
[SourceTitle "playchess.com"]
[Source "ChessBase"]
[SourceQuality "1"]
[TimeControl "40/5400+30:1800+30"]

1. d4 Nf6 2. Bg5 c5 3. d5 d6 4. Nc3 h6 5. Bh4 g5 6. Bg3 {[%emt 0:00:10] A45: Trompowsky Attack.} Nh5 7. e4 Nxg3 8. hxg3 {[%emt 0:00:05] The position is equal.} Bg7 {[%emt 0:00:25] [#]} 9. Bb5+ $146 ({Predecessor:} 9. Nf3 a6 10. a4 Nd7 11. Nd2 Ne5 12. Be2 Rb8 13. f4 Ng6 14. e5 dxe5 15. f5 Bxf5 {0-1 Ahmad,A (2355)-Koniahli,M (2328) Olympiad-43 Batumi 2018 (6.63)}) 9... Nd7 10. a4 a6 11. Be2 Qa5 12. Nf3 Nf6 ({Black should try} 12... Qb4 $15 13. Ra2 Bxc3+ 14. bxc3 Qxe4) 13. Nd2 $1 $14 Bd7 14. Ra3 Qc7 15. Nc4 O-O (15... b6 $11 {remains equal.}) 16. a5 $16 Rad8 17. O-O e6 18. Ne3 Rfe8 19. Bc4 exd5 $2 (19... Bc8 $14) 20. Ncxd5 Nxd5 21. Nxd5 Qc6 22. Qf3 (22. Qh5 $1 $18 Kh8 23. Nf6 (23. Qxf7 Be6 $16)) 22... Re6 {[%emt 0:02:35] Prevents Nf6+} (22... Be6 $16) 23. Rb3 $18 {[%emt 0:03:18] White is clearly better.} Rde8 24. Rb6 Qc8 25. Ne3 Rf6 26. Qd1 {[%emt 0:01:12] White is more active.} ({Much less strong is} 26. Nf5 Bc6 $16) 26... Rxe4 {[%emt 0:02:47] [#]} 27. Bd5 $1 Rd4 {[%emt 0:03:54] [#]} 28. Qe2 {[%emt 0:02:29] Weighted Error Value: White=0.20 (precise) /Black=0.38} ({Better is} 28. Bxb7 $1 $18 Rxd1 29. Bxc8 Rxf1+ 30. Kxf1 Bxc8 31. Rb8) 1/2-1/2

[Event "39th OBSenEM 2023"]
[Site "Berlin"]
[Date "2023.01.28"]
[Round "5.2"]
[White "Hess, Christian"]
[Black "Kreutzkamp, Hans-Rudolf"]
[Result "1-0"]
[ECO "D94"]
[WhiteElo "2215"]
[BlackElo "2094"]
[Annotator "TA"]
[PlyCount "75"]
[EventDate "2023.01.24"]
[EventType "swiss"]
[EventCountry "GER"]
[SourceTitle "playchess.com"]
[Source "ChessBase"]
[SourceQuality "1"]
[TimeControl "40/5400+30:1800+30"]

1. d4 Nf6 2. c4 g6 3. Nc3 Bg7 4. Nf3 d5 5. e3 O-O 6. cxd5 Nxd5 7. Bc4 Nxc3 8. bxc3 c5 9. O-O Nc6 10. Qe2 {[%emt 0:05:27] D94: Grünfeld: 4 Nf3 Bg7 5 e3.} (10. dxc5 Bxc3 11. Rb1 Bf5 $15) 10... Qa5 {[%emt 0:09:08] [#]} 11. Rb1 $146 ({Predecessor:} 11. Bd2 Qc7 12. Rac1 e5 13. d5 Na5 14. e4 Nxc4 15. Qxc4 b6 16. Ne1 a5 17. Qe2 Qd7 {0-1 Martinovsky,E (2375)-Gurevich,I (2495) Lloyds Bank op 15th 1991 (9)}) 11... a6 12. Rd1 {[%emt 0:08:19] The position is equal.} h6 (12... Qxc3 $11 13. Bb2 (13. dxc5 Na5 $11) 13... Qa5) 13. h3 (13. Nd2 $5 ) 13... b5 14. Bd3 Bb7 {[%emt 0:01:23] [#]} (14... Be6 $11) 15. d5 $1 $16 (15. dxc5 $6 Qxc3 16. Bb2 Qxc5 $11) 15... Ne5 16. Nxe5 Bxe5 17. c4 Rab8 (17... Rfe8 $16 18. e4 (18. cxb5 Bxd5 19. Bb2 Bxb2 $14) 18... e6) 18. e4 $18 (18. cxb5 $6 Bxd5 19. bxa6 c4 20. Rxb8 (20. Bxc4 $2 Bxc4 21. Qc2 Qxa6 $19) 20... Bxb8 $11) 18... bxc4 19. Bxc4 Kh7 20. Rb3 Bc8 $2 (20... Ba8 {is a better defense.} 21. Bxa6 Bd4) 21. Qe3 g5 (21... Qa4 $142 22. d6 (22. Qxc5 Rb7 $16) (22. Qxh6+ Kg8 $16) 22... e6 23. Qxh6+ (23. Qxc5 Bg7 $18) 23... Kg8) 22. Rxb8 Bxb8 23. e5 Bf5 24. Bd3 Bg6 (24... Bxd3 $142 25. Qxd3+ (25. Rxd3 c4 $11) 25... Kg8) 25. d6 e6 $2 {[%emt 0:05:26] [#]} (25... exd6 26. exd6 Qa4 27. Bxg6+ Kxg6 28. Qd3+ (28. Rd5 Qxa2 29. Qd3+ Kg7 $18) 28... Kg7) 26. h4 $1 Qa4 (26... Qb4 27. hxg5) 27. Qf3 Qxh4 28. Bxg6+ (28. Bxa6 Bh5 29. Qd3+ Kg7 $16) 28... Kxg6 29. Qf6+ (29. g3 Qc4 30. Be3 a5 31. Qf6+ Kh7) 29... Kh7 30. d7 Bc7 31. Qe7 (31. d8=N Qh5 32. f3 Bxd8 33. Rxd8 Rxd8 34. Qxd8 Qh4 $18) (31. d8=R $142 Bxd8 32. Rxd8) 31... Rd8 (31... Qh5 32. f3 (32. d8=R Bxd8 33. Rxd8 Rxd8 $16) (32. d8=Q Bxd8 33. Rxd8 Rxd8 $16) 32... Rg8) 32. Qxf7+ ({Weaker is} 32. Qxc5 Qa4 33. Rd4 Qa5 34. Qxa5 Bxa5 $16) 32... Kh8 33. Qf6+ Kh7 34. Qe7+ Kh8 35. Qxe6 {[%emt 0:01:24] Intending Qf6+ and mate.} g4 36. Qe8+ {[%emt 0:01:03] White mates.} Kg7 37. g3 Qh3 38. Bb2 {[%emt 0:00:33] White took control after the opening. Artfully played by Hess.   Weighted Error Value: White=0.31/Black=0.59} 1-0

[Event "39th OBSenEM 2023"]
[Site "Berlin"]
[Date "2023.01.28"]
[Round "5.3"]
[White "Postler, Reinhard"]
[Black "Wolf, Christian"]
[Result "1-0"]
[ECO "B68"]
[WhiteElo "2202"]
[BlackElo "2083"]
[Annotator "TA"]
[PlyCount "55"]
[EventDate "2023.01.24"]
[EventType "swiss"]
[EventCountry "GER"]
[SourceTitle "playchess.com"]
[Source "ChessBase"]
[SourceQuality "1"]
[TimeControl "40/5400+30:1800+30"]

1. e4 c5 2. Nf3 d6 3. d4 cxd4 4. Nxd4 Nf6 5. Nc3 Nc6 6. Bg5 e6 7. Qd2 a6 8. O-O-O Bd7 9. f4 Be7 10. Nf3 b5 11. Bd3 (11. Bxf6 $14 gxf6 12. Kb1) 11... Qb6 {[%emt 0:09:28] B68: Sicilian: Richter-Rauzer: 7...a6 8 0-0-0 Bd7 9 f4 Be7 .} (11... h6 $11 12. Bh4 O-O) 12. Kb1 {[%emt 0:01:57] [#]} (12. e5 $16) 12... O-O-O $146 (12... b4 $11 {keeps the balance.} 13. Na4 Qa5) ({Predecessor:} 12... h6 13. Bh4 O-O-O 14. e5 dxe5 15. fxe5 Nd5 16. Nxd5 exd5 17. Bxe7 Nxe7 18. Qb4 Nc6 19. Qf4 {1-0 Mamedov,R (2703)-Perro,L (2580) Titled Tuesday intern op 2nd Febr blitz 2019 (6)}) 13. Rhe1 (13. e5 $142) 13... Kb8 (13... h6 $142) 14. e5 $16 b4 15. exf6 (15. Na4 $6 Qa5 $16) 15... bxc3 (15... gxf6 $16 16. Nd5 (16. Na4 Qa5 $11) 16... exd5) 16. Qxc3 $18 gxf6 17. Bxf6 Rhg8 18. g3 ({But not} 18. Bxh7 $6 Rxg2 19. Ng5 Bxf6 20. Qxf6 Rxh2 21. Rxd6 (21. Qxf7 Nb4 $16) 21... Be8 $18) 18... h5 19. Ng5 Rgf8 20. Bg7 Ka7 21. Bxf8 Rxf8 22. Qg7 e5 23. Bc4 Rb8 {[%emt 0:06:00][%csl Gb8][%cal Rb6b2] [#]} 24. b3 (24. Qxf7 $2 Qxb2#) 24... d5 $2 (24... Rb7 25. Bd5 Bg4 26. fxe5 Bxd1 27. Rxd1 dxe5 28. Nxf7 (28. Bxf7 Bxg5 {[%mdl 64] Remove Defender, Deflection} 29. Qxg5 Rxf7 $17) 28... Ba3) 25. Bxd5 {[%emt 0:05:44] White is clearly winning.} ({Not} 25. fxe5 Bf5 $16) 25... Bb4 26. Re4 Rb7 27. Rc4 Na5 28. Rxb4 {[%emt 0:01:37] Black did not feel at home in the position after the opening.   Weighted Error Value: White=0.38/Black=0.89} 1-0

[Event "39th OBSenEM 2023"]
[Site "Berlin"]
[Date "2023.01.28"]
[Round "5.4"]
[White "Koetz, Andreas"]
[Black "Syre, Christian"]
[Result "1-0"]
[ECO "A10"]
[WhiteElo "1925"]
[BlackElo "2197"]
[Annotator "TA"]
[PlyCount "49"]
[EventDate "2023.01.24"]
[EventType "swiss"]
[EventCountry "GER"]
[SourceTitle "playchess.com"]
[Source "ChessBase"]
[SourceQuality "1"]
[TimeControl "40/5400+30:1800+30"]

1. c4 b6 2. Nc3 Bb7 3. e4 e6 4. d3 Bb4 5. a3 Bxc3+ 6. bxc3 {[%emt 0:00:13] A10: English Opening: Unusual Replies for Black.} Ne7 {[%emt 0:00:13] [#]} 7. Qg4 $146 ({Predecessor:} 7. f3 O-O 8. d4 d6 9. h4 Nd7 10. Be3 f5 11. Bd3 e5 12. Nh3 h6 13. Qd2 {0-1 Rauch,N (1728)-Fabig,H (1915) Rottach Egern Seniors Cup 10th 2022 (9)}) 7... Ng6 8. h4 {[%emt 0:00:36] White wants to play h5. The position is equal.} f5 9. exf5 exf5 10. Qg5 (10. Qxf5 $14 Qe7+ 11. Ne2) 10... O-O 11. Qxd8 Rxd8 12. Bg5 Re8+ 13. Ne2 (13. Kd2 $11 {should be considered.}) 13... h6 14. Bd2 Ne5 15. Rh3 Na6 16. O-O-O (16. Bf4 $11 {was preferrable.}) 16... Nc5 $15 17. Nd4 Ng4 {[%emt 0:04:41] Excellent horsemanship.} 18. Rg3 Nxf2 {[%emt 0:05:36] ...f4 would be deadly.} 19. Bxh6 {[%emt 0:00:14] [#]} Nxd1 (19... Ne6 $1 $17 {White must now prevent ...f4.} 20. Nxe6 {[%mdl 64] Remove Defender} Rxe6 21. Bxg7 (21. Rxg7+ Kh8 $17) 21... Kh7) 20. Rxg7+ $11 Kh8 21. Kxd1 Ne6 $2 (21... Rg8 $11 22. Nxf5 Rxg7 23. Bxg7+ Kh7) 22. Rf7 {[%emt 0:00:48] White has more active pieces.} (22. Rxd7 $16 {Hoping for g3.} Kg8 23. g3 (23. Nxf5 Red8 $16)) 22... Nxd4 23. cxd4 Re6 24. Bd2 (24. Bg7+ $16 Kg8 25. Rxd7) 24... d5 (24... Bc6 $14) 25. Be2 {[%emt 1:21:31] Weighted Error Value: White=0.29 (precise) /Black=0.42} ({Don't take} 25. Rxf5 Kg7 $16) (25. Rxc7 $16 Bc6 26. g3) 1-0

[Event "39th OBSenEM 2023"]
[Site "Berlin"]
[Date "2023.01.29"]
[Round "6.1"]
[White "Brustkern, Juergen"]
[Black "Hess, Christian"]
[Result "0-1"]
[ECO "A03"]
[WhiteElo "2182"]
[BlackElo "2215"]
[Annotator "TA"]
[PlyCount "90"]
[EventDate "2023.01.24"]
[EventType "swiss"]
[EventCountry "GER"]
[SourceTitle "playchess.com"]
[Source "ChessBase"]
[SourceQuality "1"]
[TimeControl "40/5400+30:1800+30"]

1. f4 Nf6 2. Nf3 g6 3. d3 d5 4. e3 Bg7 5. Be2 O-O 6. O-O b6 7. a4 {[%emt 0:01:26] A03: Bird's Opening with 1...d5.} a5 {[%emt 0:01:36] [#]} 8. Nc3 $146 ({Predecessor:} 8. Qe1 Bb7 9. Nc3 c5 10. Nb5 Na6 11. Bd2 Nc7 12. Nxc7 Qxc7 13. Qh4 Ne8 14. e4 Nd6 {½-½ Bohn,T (2350)-Bonnmann,R (2266) BL2-West 1011 2010 (8.7)}) 8... Ba6 9. Ne5 {[%emt 0:10:31] The position is equal.} Nbd7 10. Nc6 Qe8 11. Nb5 Nc5 12. Ne5 Qc8 13. Qe1 {[%emt 0:03:34] [#]} (13. b3 $11) 13... Nxa4 $1 $15 {[%emt 0:12:01][%mdl 64] Remove Defender} 14. Nd4 (14. d4 c6) 14... Nc5 15. Qh4 Ncd7 16. Ndc6 Qe8 17. Rf3 Nxe5 18. Nxe5 Bc8 19. g4 Nd7 20. Rh3 (20. Nc6 $15 Nf6 {[%mdl 64] Discovered Attack} 21. Ne5) 20... h6 21. Bf3 {[%emt 0:10:59][%cal Oe5g6] [#] Nxg6! would be deadly.} e6 22. e4 (22. Nxd7 $142 Qxd7 23. Bd2) 22... g5 $1 $17 23. Qg3 (23. Qe1 $17 {was necessary.} Nxe5 24. fxe5) 23... Nxe5 $19 24. fxe5 Bb7 25. Bd2 (25. Qg2 $142) 25... dxe4 26. dxe4 Qb5 27. Bc3 Qc5+ 28. Qf2 Qxf2+ (28... Bxe5 $2 29. Qxc5 (29. Rxh6 $2 Qxf2+ 30. Kxf2 Kg7 $19) 29... bxc5 30. Bxe5 $18) 29. Kxf2 b5 30. Rxa5 Rxa5 31. Bxa5 Bxe5 32. Rxh6 Ra8 33. b4 (33. Bc3 $17 Bxc3 34. bxc3) 33... Rd8 {[%emt 0:00:32] White must now prevent ...Rd2+.} 34. Rh5 f6 {[%emt 0:01:07] ...Rd2+ is the strong threat.} 35. h4 Bf4 36. hxg5 fxg5 37. Rh6 Rd2+ 38. Ke1 Rxc2 39. Rxe6 Kf7 {[%emt 0:00:22] Inhibits Re7+.} 40. Rh6 Rc4 41. Kf1 Bxe4 42. Bxe4 (42. Be2 {was called for.} Rc1+ 43. Kf2) 42... Rxe4 43. Kf2 Rc4 {[%emt 0:05:41] Black is clearly winning.} 44. Ke2 Bd6 45. Kf3 Rf4+ {[%emt 0:00:31] Weighted Error Value: White=0.33/Black=0.11 (very precise)} (45... Bxb4 $2 {is the wrong capture.} 46. Bxb4 Rf4+ 47. Kg3 Rxb4 48. Rh7+ Ke6 49. Rxc7 $19) 0-1

[Event "39th OBSenEM 2023"]
[Site "Berlin"]
[Date "2023.01.29"]
[Round "6.2"]
[White "Koetz, Andreas"]
[Black "Postler, Reinhard"]
[Result "0-1"]
[ECO "D13"]
[WhiteElo "1925"]
[BlackElo "2202"]
[Annotator "TA"]
[PlyCount "108"]
[EventDate "2023.01.24"]
[EventType "swiss"]
[EventCountry "GER"]
[SourceTitle "playchess.com"]
[Source "ChessBase"]
[SourceQuality "1"]
[TimeControl "40/5400+30:1800+30"]

1. c4 Nf6 2. Nf3 c6 3. g3 d5 4. cxd5 cxd5 5. Bg2 Nc6 6. d4 e6 7. O-O Bd6 8. Nc3 O-O 9. Bg5 h6 {[%emt 0:00:40] D13: Slav Defence: Exchange variation without ...Bf5.} 10. Bxf6 Qxf6 11. e3 Bd7 {[%emt 0:01:19] The position is equal.} 12. Rc1 {[%emt 0:00:51] [#]} Rac8 $146 ({Predecessor:} 12... Rfc8 13. Ne1 Qe7 14. Nd3 Nb4 15. a3 Nxd3 16. Qxd3 a6 17. e4 dxe4 18. Bxe4 Rab8 {0-1 Buker,M (1967)-Valgmae,T (2270) Titled Tuesday intern op 21st Dec blitz 2021 (3)}) 13. e4 dxe4 14. Nxe4 Qe7 15. Nxd6 Qxd6 16. Qd2 Rfd8 17. Rfd1 Be8 18. a3 b6 19. Ne1 Ne7 (19... e5 $5 20. f4 exd4 $15) 20. Rxc8 Rxc8 21. Qe2 Ba4 $1 22. Rd2 Rc1 23. Be4 {[%emt 0:00:23] [#]} Bb5 $1 {[%emt 0:01:42][%mdl 576] Deflection} 24. Bd3 Bc6 {[%emt 0:14:24] Black is more active.} 25. Be4 Bxe4 26. Qxe4 Qd5 {[%emt 0:00:04] Repels Qa8+} 27. Re2 Rd1 (27... Qxe4 {simplifies} 28. Rxe4 Rb1 29. Re2 Nc6) 28. Kg2 {[%emt 0:02:19] [#]} (28. Qxd5 $17 {was called for.} Nxd5 29. Kf1) 28... Rxd4 (28... Qxe4+ $1 $19 29. Rxe4 Rd2) 29. Qxd5 $17 Nxd5 $19 {[%emt 0:02:04][%mdl 4096] Endgame KRN-KRN} 30. Nf3 Rc4 31. Ne5 Rc7 32. f4 Kf8 33. Kf3 f6 34. Ng6+ {[%emt 0:04:27][%mdl 64] Discovered Attack} Kf7 35. Nh8+ Kg8 36. Ng6 Ne7 37. Nh4 (37. Nxe7+ $142 Rxe7 38. Rc2) 37... Kf7 38. Kf2 g5 39. Ng2 Nf5 40. Rd2 Ke7 ({Black should try} 40... g4 $19 41. Ne3 Nxe3 42. Kxe3 Kg6) 41. g4 Nd6 {[%emt 0:30:16] ...Ne4+ is the strong threat.} 42. Re2 {[%emt 0:00:15] Repels Ne4+} Kd7 43. h4 Rc4 44. Kf3 Rd4 45. hxg5 (45. b3 {keeps fighting.}) 45... hxg5 ({Not} 45... fxg5 46. fxg5 hxg5 47. Re5) 46. fxg5 fxg5 47. Re5 Rd3+ 48. Ke2 {[%emt 0:02:11] [#]} Rd5 49. Re3 (49. Rxd5 $142 exd5 50. b3) 49... Nc4 50. Rh3 a5 (50... Nxb2 $2 {too greedy.} 51. Rh7+ Kd6 52. Rxa7 $19) 51. b4 axb4 52. axb4 Kc6 53. Rh6 Re5+ 54. Kd3 $2 (54. Kf2) 54... Kb5 {[%emt 0:03:24] Weighted Error Value: White=0.21 (precise) /Black=0.11 (very precise)} 0-1

[Event "39th OBSenEM 2023"]
[Site "Berlin"]
[Date "2023.01.29"]
[Round "6.3"]
[White "Koehler, Gerhard"]
[Black "Braeunlin, Herbert"]
[Result "1-0"]
[ECO "A36"]
[WhiteElo "2241"]
[BlackElo "2077"]
[Annotator "TA"]
[PlyCount "65"]
[EventDate "2023.01.24"]
[EventType "swiss"]
[EventCountry "GER"]
[SourceTitle "playchess.com"]
[Source "ChessBase"]
[SourceQuality "1"]
[TimeControl "40/5400+30:1800+30"]

1. c4 Nf6 2. g3 c5 3. Bg2 g6 4. Nc3 Nc6 5. a3 Bg7 6. Rb1 h5 {[%emt 0:06:47] 6...0-0 is becoming the main line. A36: Symmetrical English vs ...g6: 4 Bg2 Bg7.} 7. Nf3 {[%emt 0:07:52] [#]} d6 $146 ({Predecessor:} 7... a5 8. d4 d6 9. d5 Nb8 10. e4 Ng4 11. Ng5 Bd4 12. O-O h4 13. Nb5 hxg3 14. hxg3 {1-0 Webster,A (2417)-Briggs,P (2200) BCF-ch 87th Millfield 2000 (3)}) 8. b4 cxb4 {[%emt 0:04:48] White has an edge.} 9. axb4 Bf5 10. d3 Ng4 11. Bd2 h4 12. h3 ({Not} 12. gxh4 a6 $14) 12... hxg3 (12... Nge5 $142) 13. hxg4 $18 Rxh1+ 14. Bxh1 gxf2+ 15. Kxf2 Bxg4 16. Ne4 Qd7 (16... d5 {was worth a try.}) 17. Qa4 f5 18. Neg5 e5 19. Bg2 O-O-O $2 (19... a6 20. b5 Nd8) 20. b5 {[%emt 0:01:38][%mdl 64] [#] Deflection} Nb8 21. Qxa7 e4 22. Nd4 Re8 23. dxe4 Bf6 24. Be3 Qe7 25. Nge6 f4 26. Nxf4 {[%emt 0:00:35] [#] Nd5 is the strong threat.} Be5 27. Ke1 {[%emt 0:01:00] Strongly threatening Nd5.} Qh4+ 28. Kd2 Bxf4 29. Bxf4 Qf2 30. Bxd6 {[%emt 0:00:47] White mates.} Rd8 31. Qxb8+ Kd7 32. Qc7+ Ke8 33. Qe7# {[%emt 0:00:13] Black did not feel at home in the position after the opening.   Weighted Error Value: White=0.50/Black=0.79} 1-0

[Event "39th OBSenEM 2023"]
[Site "Berlin"]
[Date "2023.01.29"]
[Round "6.4"]
[White "Jandke, Manfred"]
[Black "Niehaus, Frank"]
[Result "1/2-1/2"]
[ECO "E60"]
[WhiteElo "2061"]
[BlackElo "2089"]
[Annotator "TA"]
[PlyCount "47"]
[EventDate "2023.01.24"]
[EventType "swiss"]
[EventCountry "GER"]
[SourceTitle "playchess.com"]
[Source "ChessBase"]
[SourceQuality "1"]
[TimeControl "40/5400+30:1800+30"]

1. c4 Nf6 2. g3 g6 3. Nf3 Bg7 4. Bg2 d6 5. d4 O-O 6. O-O Nc6 7. b3 e5 $1 {[%emt 0:01:31][%cal Be7e5,Be5e4][%mdl 32] The main line 7...e5 scores better than 7...a6.} 8. Bb2 e4 9. Ne1 {[%emt 0:02:02] E60: King's Indian: Unusual lines and Fianchetto Variation without Nc3.} Re8 10. Nc2 h5 11. Nc3 {[%emt 0:06:23] The position is equal.} h4 {[%emt 0:03:18] [#]} 12. Ne3 $146 ({Predecessor:} 12. b4 Bg4 13. b5 Ne7 14. Nxe4 Nxe4 15. Bxe4 Nf5 16. Bf3 Qg5 17. Qc1 Qh5 18. Qf4 hxg3 19. hxg3 Bxf3 20. Qxf3 Rxe2 {½-½ Postny,E (2552)-Jobava,B (2582) Titled Tuesday intern op 02nd Nov blitz 2021 (9)}) 12... hxg3 (12... Nh5 {keeps more tension.} 13. Nc2 e3 14. gxh4 Nf4) 13. hxg3 Bh6 14. Ncd5 Nxd5 15. Nxd5 ({But not} 15. cxd5 Ne7 16. f4 (16. Bxe4 Bxe3 17. fxe3 Nf5 $17) 16... exf3 17. Rxf3 Bf5 18. Nxf5 Nxf5 $17) 15... Bf5 16. e3 Nb8 17. Qc2 (17. f3 $14 Nd7 18. fxe4 Bxe4 19. Qg4 (19. Bxe4 Rxe4 20. Qf3 f5 $11) 19... Bxg2 20. Kxg2) 17... Nd7 18. b4 (18. Qe2 $11 {keeps the balance.}) 18... c6 $17 19. Nc3 Nf6 ({Better is} 19... Qg5 $17) 20. d5 $11 Qe7 21. dxc6 bxc6 22. Rad1 Ng4 23. Ne2 Kh7 (23... Qg5 $15 24. Qc3 (24. Rxd6 $2 {loses.} Qh5 $19) 24... Ne5) 24. Nf4 {[%emt 0:13:29] Weighted Error Value: White=0.21 (precise) /Black=0.26 (precise)} (24. Nd4 $1 $14) 1/2-1/2

[Event "39th OBSenEM 2023"]
[Site "Berlin"]
[Date "2023.01.30"]
[Round "7.1"]
[White "Hess, Christian"]
[Black "Postler, Reinhard"]
[Result "1/2-1/2"]
[ECO "E08"]
[WhiteElo "2215"]
[BlackElo "2202"]
[Annotator "TA"]
[PlyCount "30"]
[EventDate "2023.01.24"]
[EventType "swiss"]
[EventCountry "GER"]
[SourceTitle "playchess.com"]
[Source "ChessBase"]
[SourceQuality "1"]
[TimeControl "40/5400+30:1800+30"]

1. c4 e6 2. g3 d5 3. Bg2 Nf6 4. Nf3 Be7 5. O-O O-O 6. d4 c6 7. Nc3 Nbd7 8. b3 b6 9. Bb2 Bb7 {[%emt 0:00:21] 9...Ba6 is the fancy move.} 10. Qc2 Qc7 11. Rad1 Rfd8 {[%emt 0:04:42] E08: Closed Catalan: Main Line: 7 Qc2.} 12. e4 Nxe4 13. Nxe4 dxe4 14. Qxe4 {[%emt 0:00:25] [#]} c5 $146 ({Predecessor:} 14... Nf6 15. Qe2 a5 16. a3 c5 17. Rfe1 cxd4 18. Nxd4 Bxg2 19. Kxg2 Rd7 20. Qf3 Rad8 {1-0 Navara,D (2710)-Houska,J (2416) Gibraltar Masters 11th 2013 (2)}) 15. Qe2 cxd4 {[%emt 0:00:30] Not much happened in this game.   Weighted Error Value: White=0.10 (very precise) /Black=0.04 (flawless)} 1/2-1/2